[Event "Fast Chess"]
[Site "ChessKid.com"]
[Date "2020.04.17"]
[Round "1"]
[White "Burgsteiner, Konstantin"]
[Black "Multerer, Matthias"]
[Result "1-0"]
[ECO "A00"]
[WhiteElo "1078"]
[BlackElo "725"]
[PlyCount "59"]
[EventDate "2020.??.??"]
[TimeControl "300+50"]
[WhiteClock "0:02:56"]
[BlackClock "0:05:33"]

1. e3 f5 2. g3 d5 3. Nf3 Qd6 4. Bh3 Nh6 5. O-O Bd7 6. Na3 Na6 7. b3 O-O-O 8. Nb5 Qb6 9. Nbd4 e5 10. Ba3 exd4 11. Bxf8 Rdxf8 12. exd4 Bb5 13. Re1 Rd8 14. Re7 Rhe8 15. Rxg7 Rg8 16. Rxh7 Nf7 17. Rxf7 Be8 18. Rf6 Qxf6 19. Qe1 Rh8 20. Qe3 Rxh3 21. Ng5 Rh5 22. f4 Rxg5 23. fxg5 Qh8 24. Qe6+ Rd7 25. Qxf5 c6 26. Re1 Bf7 27. Re7 Qxd4+ 28. Kf1 c5 29. Qxd7+ Kb8 30. Qd8# {[%emt 0:00:48] MintTerrificRanch won by
checkmate} 1-0

[Event "Fast Chess"]
[Site "ChessKid.com"]
[Date "2020.04.17"]
[Round "2"]
[White "Burgsteiner, Konstantin"]
[Black "Hlinka, Patrick"]
[Result "0-1"]
[ECO "A00"]
[WhiteElo "1064"]
[BlackElo "1159"]
[PlyCount "68"]
[EventDate "2020.??.??"]
[TimeControl "300+50"]
[WhiteClock "0:04:27"]
[BlackClock "0:04:55"]

1. e3 e5 2. g3 b5 3. Bg2 c6 4. Nh3 Bb7 5. O-O Ba6 6. d4 b4 7. Re1 exd4 8.
exd4+ Be7 9. Qe2 Bxe2 10. Rxe2 Kf8 11. Bf4 Bf6 12. Bd6+ Be7 13. Bc5 Bxc5 14. dxc5 Na6 15. c3 bxc3 16. Nxc3 Nxc5 17. Rd1 Qa5 18. Rc1 d5 19. Nb1 Qxa2 20. Nc3 Qc4 21. Re3 d4 22. Re5 dxc3 23. bxc3 Nd3 24. Rce1 Nxe1 25. Rxe1 Qxc3 26. Bf1 Qxe1 27. Kg2 Re8 28. Bc4 Re4 29. Ba6 Ra4 30. Bd3 Ra3 31. Bc4 Qe4+ 32. f3 Qxf3+ 33. Kg1 Ra1+ 34. Bf1 Qxf1# {[%emt 0:00:48] GoldMusicalTaxi won by checkmate} 0-1

[Event "Fast Chess"]
[Site "ChessKid.com"]
[Date "2020.04.17"]
[Round "2"]
[White "Gross, Lukas"]
[Black "Stiedl, Dominik"]
[Result "1-0"]
[ECO "A00"]
[WhiteElo "1134"]
[BlackElo "1043"]
[PlyCount "119"]
[EventDate "2020.??.??"]
[TimeControl "300+50"]
[WhiteClock "0:04:00"]
[BlackClock "0:05:11"]

1. g3 e5 2. Bg2 Bc5 3. Nh3 Qf6 4. O-O d5 5. c3 d4 6. cxd4 exd4 7. e3 dxe3 8. dxe3 Qd6 9. Bd2 g5 10. Bc3 g4 11. Ng5 Nf6 12. Qxd6 Bxd6 13. Bxf6 Rf8 14. Bg7 Rg8 15. Bh6 Bf8 16. Bxf8 Kxf8 17. Ne4 a5 18. Nf6 Rg6 19. Nd5 c6 20. Nc7 Ra7 21. Nc3 Rd6 22. Ne4 Re6 23. Nxe6+ Bxe6 24. Nd6 Ke7 25. Rfd1 Bd5 26. Nf5+ Kf6 27. Nd6 Bxg2 28. Kxg2 a4 29. Rac1 a3 30. bxa3 Rxa3 31. Ra1 b5 32. Rdc1 b4 33. Rcb1 Na6 34. Nc4 Ra4 35. a3 bxa3 36. Nxa3 Nb4 37. Rb2 Nd3 38. Rb6 Ne1+ 39. Rxe1 Rxa3 40. Rxc6+ Ke7 41. Rd1 Kf8 42. Rc7 Kg7 43. Rd6 Kg8 44. Rd8+ Kg7 45. Rdd7 Kf6 46. Rc5 Ke6 47. Rdc7 Kd6 48. R7c6+ Ke7 49. Rb6 Ra8 50. Rc7+ Kf8 51. f4 Kg7 52. e4 Ra5 53. e5 Rxe5 54. fxe5 h6 55. e6 Kf6 56. exf7+ Ke5 57. f8=Q Ke4 58. Rd6 Ke5 59. Qf6+ Ke4 60. Re7# {[%emt 0:00:47] RosyPopularArm won by checkmate}
1-0

[Event "Fast Chess"]
[Site "ChessKid.com"]
[Date "2020.04.17"]
[Round "2"]
[White "Horky, Florian"]
[Black "Hlinka, Patricia"]
[Result "1-0"]
[ECO "C20"]
[WhiteElo "849"]
[BlackElo "927"]
[PlyCount "121"]
[EventDate "2020.??.??"]
[TimeControl "300+50"]
[WhiteClock "0:02:51"]
[BlackClock "0:03:02"]

1. e4 e5 2. Qf3 f6 3. Bc4 Nh6 4. Nh3 b5 5. Bxb5 a6 6. Bc4 g5 7. c3 g4 8. Qd3 gxh3 9. gxh3 f5 10. Qe3 fxe4 11. Bd5 Ra7 12. Qxa7 Nc6 13. O-O Nxa7 14. Bxe4 Bc5 15. d4 Bf8 16. dxe5 a5 17. h4 Ng4 18. Bg5 Qxg5 19. hxg5 d5 20. Bxd5 c6 21. Bc4 Nb5 22. f3 Nh6 23. f4 Ng8 24. f5 Na7 25.
f6 a4 26. g6 hxg6 27. e6 Nh6 28. e7 Bxe7 29. Nd2 Bxf6 30. Rxf6 Ng4 31. Rxg6 Ne5 32. Rg3 Nf7 33. Re1+ Kf8 34. Rf1 Rh7 35. Bxf7 Rxf7 36. Nf3 Rh7 37. Nh4+ Ke8 38. Ng6 c5 39. Re3+ Kd7 40. Rd1+ Kc6 41. Rd8 Bg4 42. Ra8 Nb5 43. Re6+ Kd5 44. Re5+ Kc4 45. Rxa4+ Kd3 46. b4 cxb4 47. cxb4 Nc3 48. Ra3 Bf5 49. Rd5+ Ke4 50. Re5+ Kd4 51. Rxf5 Ne2+ 52. Kf2 Nc3 53. b5 Nxb5 54. Rxb5 Kc4 55. Rab3 Rg7 56. Ra5 Rxg6 57. Ra4+ Kd5 58. Rb5+ Kd6 59. Ra6+ Ke7 60. Rb7+ Ke8 61. Ra8# {[%emt 0:00:47] OnlyOptimalTruck
won by checkmate} 1-0

[Event "Fast Chess"]
[Site "ChessKid.com"]
[Date "2020.04.17"]
[Round "3"]
[White "Hlinka, Patrick"]
[Black "Gross, Lukas"]
[Result "0-1"]
[ECO "B06"]
[WhiteElo "1151"]
[BlackElo "1143"]
[PlyCount "74"]
[EventDate "2020.??.??"]
[TimeControl "300+50"]
[WhiteClock "0:04:40"]
[BlackClock "0:04:22"]

1. e4 g6 2. Bc4 Nh6 3. d3 Bg7 4. c3 O-O 5. Bxh6 Bxh6 6. Qh5 gxh5 7. Nf3 e6 8. d4 d5 9. exd5 exd5 10. Bb3 Qe8+ 11. Kd1 Qe7 12. Re1 Be6 13. Nbd2 Bxd2 14. Kxd2 h4 15. g3 hxg3 16. fxg3 Qd7 17. Ne5 Qd8 18. c4 dxc4 19. Bxc4 Bxc4 20. Nxc4 Qg5+ 21. Kd1 Qd5 22. b3 Qxd4+ 23. Kc2 b5 24. Red1 Qf2+ 25. Rd2 Qf6 26. Re1 bxc4 27. bxc4 Nc6 28. Kd3 Qd4+ 29. Ke2 Qxc4+ 30. Kd1 Rab8 31. Rc2 Qb4 32. Kc1 Qb1+ 33. Kd2 Rfd8+ 34. Ke2 Qxc2+ 35. Kf1 Rd2 36. a4 Rb1 37. Rxb1 Qxb1# {[%emt 0:
00:47] RosyPopularArm won by checkmate} 0-1

[Event "Fast Chess"]
[Site "ChessKid.com"]
[Date "2020.04.17"]
[Round "3"]
[White "Horky, Florian"]
[Black "Burgsteiner, Konstantin"]
[Result "1-0"]
[ECO "C00"]
[WhiteElo "929"]
[BlackElo "1040"]
[PlyCount "119"]
[EventDate "2020.??.??"]
[TimeControl "300+50"]
[WhiteClock "0:04:20"]
[BlackClock "0:03:30"]

1. e4 e6 2. c4 Bc5 3. g4 Qf6 4. f3 Qh4+ 5. Ke2 Qg5 6. a4 b6 7. b3 Ba6 8. d3 Bd4 9. h3 Bxa1 10. Bxg5 f6 11. Bf4 Ne7 12. Na3 Bc3 13. Qc1 Bb4 14. Nb5 Kd8 15. Nxc7 Bb7 16. Nxa8 Bxa8 17. Bxb8 Nc6 18. Bd6 e5 19. Bxb4 Nxb4 20. c5 Na2 21. Qa1 Nb4 22. cxb6 Nc2 23. Qc1 Nd4+ 24. Ke3 Nb5 25. bxa7 Nd6 26. Bg2 Nc8 27. Ne2 Nxa7 28. Qc2 Ke7 29. Rc1 Rc8 30. Qb2 Rd8 31. b4 Rb8 32. b5 d6 33. b6 Nc6 34. b7 Bxb7 35.
Rc3 Bc8 36. Rb3 Bb7 37. a5 Kd8 38. a6 Ba8 39. a7 Rxb3 40.
Qxb3 Nxa7 41. Qb8+ Kd7 42. Qxa8 Nc8 43. Bf1 Nb6 44. Qb7+ Ke6 45. Qxb6 g6 46. d4 exd4+ 47. Nxd4+ Ke7 48. Bb5 g5 49. e5 dxe5 50. Qb7+ Kd6 51. Qc6+ Ke7 52. Ne6 Kf7 53. Qd7+ Kg6 54. h4 gxh4 55. g5 h3 56. Qe8+ Kf5 57. Bd3+ e4 58. Bxe4+ Ke5 59. Qc6 h2 60. f4# {[%emt 0:00:53] OnlyOptimalTruck won by checkmate} 1-0

[Event "Fast Chess"]
[Site "ChessKid.com"]
[Date "2020.04.17"]
[Round "3"]
[White "Stiedl, Dominik"]
[Black "Multerer, Matthias"]
[Result "1-0"]
[ECO "B01"]
[WhiteElo "1046"]
[BlackElo "679"]
[PlyCount "85"]
[EventDate "2020.??.??"]
[TimeControl "300+50"]
[WhiteClock "0:02:13"]
[BlackClock "0:05:12"]

1. e4 d5 2. Qf3 dxe4 3. Qxe4 f6 4. Bc4 g6 5. g4 f5 6. gxf5 gxf5 7. Qf4 Nh6 8. b4 c6 9. Bb2 Rg8 10. Bxg8 Bg7 11. Bxg7 Nxg8 12. Be5 Nh6 13. Qxh6 f4 14. f3 Na6 15. Bxf4 Nxb4 16. c3 Na6 17. Qxh7 Qd7 18. Nh3 Qc7 19. Bxc7 Bd7 20. Qh8+ Kf7 21. Rf1 Rxh8 22. Be5 e6 23. Bxh8 b5 24. Ng5+ Kg6 25. Rg1 Be8 26. f4 Nc5 27. d4 Nd7 28. Rg4 Bf7 29. h3 e5 30. fxe5 Be8 31. e6 Nb6 32. e7 Nc4 33.
h4 Bd7 34. Ne6+ Kh5 35. Rf4 Kh6 36. Nf8 a6 37. Nxd7 Ne3 38.
e8=Q Nf5 39. Rxf5 a5 40. Qg8 a4 41. Be5 a3 42. Rf7 Kh5 43.
Rh7# {[%emt 0:00:47] MadCuteMatter won by checkmate} 1-0

[Event "Fast Chess"]
[Site "ChessKid.com"]
[Date "2020.04.19"]
[Round "1"]
[White "Stiedl, Dominik"]
[Black "Gross, Lukas"]
[Result "0-1"]
[ECO "B00"]
[WhiteElo "1067"]
[BlackElo "1177"]
[PlyCount "46"]
[EventDate "2020.??.??"]
[TimeControl "300"]
[WhiteClock "0:03:22"]
[BlackClock "0:02:10"]

1. e4 g5 2. Qf3 Nh6 3. Bc4 Bg7 4. d4 Bxd4 5. Bxg5 O-O 6.
Bxh6 Re8 7. Qxf7+ Kh8 8. Bg7+ Bxg7 9. h4 Rf8 10. Qh5 Bxb2 11.
e5 Bxa1 12. Qg5 Rg8 13. Bxg8 Qxg8 14. Qf5 Qg7 15. f4 d6 16. exd6 cxd6 17. Rh3 Bxf5 18. Re3 Qxg2 19. Rf3 Qxg1+ 20. Rf1 Qe3+ 21. Kd1 Na6 22. Re1 Qd4+ 23. Kc1 Bb2# {[%emt 0:00:02]
RosyPopularArm won by checkmate} 0-1

[Event "Fast Chess"]
[Site "ChessKid.com"]
[Date "2020.04.19"]
[Round "2"]
[White "Gross, Lukas"]
[Black "Hlinka, Patrick"]
[Result "1-0"]
[ECO "A00"]
[WhiteElo "1184"]
[BlackElo "1100"]
[PlyCount "63"]
[EventDate "2020.??.??"]
[TimeControl "300"]
[WhiteClock "0:01:29"]
[BlackClock "0:02:20"]

1. g3 b5 2. Bg2 c6 3. Nh3 Bb7 4. O-O Qc7 5. b3 c5 6. c3 Bxg2 7. Kxg2 Qc6+ 8.
Kg1 c4 9. bxc4 bxc4 10. d3 cxd3 11. exd3 Qf6 12. Ng5 Qxc3 13. Nxc3 h6 14. Nh3 f5 15. Qf3 Nc6 16. Nb5 Rc8 17. Qxf5 e5 18. a4 Nd4 19. Qxe5+ Ne7 20. Nxd4 d6 21. Qxd6 Nf5 22. Nxf5 Bxd6 23. Nxd6+ Kd7 24. Nxc8 Kxc8 25. Bb2 Rg8 26.
Bd4 Kb7 27. Rab1+ Ka8 28. Rfe1 g5 29. Be5 g4 30. Nf4 Re8 31.
Nd5 Rd8 32. Nc7# {[%emt 0:00:03]
RosyPopularArm won by checkmate} 1-0

[Event "Fast Chess"]
[Site "ChessKid.com"]
[Date "2020.04.19"]
[Round "2"]
[White "Hlinka, Patricia"]
[Black "Stiedl, Dominik"]
[Result "1-0"]
[ECO "D00"]
[WhiteElo "946"]
[BlackElo "1057"]
[PlyCount "91"]
[EventDate "2020.??.??"]
[TimeControl "300"]
[WhiteClock "0:00:33"]
[BlackClock "0:00:36"]

1. d4 d5 2. c3 e6 3. e3 Nf6 4. Nh3 g5 5. Qa4+ c6 6. Nxg5 h6 7. Nh3 b5 8. Qd1 e5 9. dxe5 Bg4 10. Qc2 Ne4 11. Ng1 Na6 12. f3 Nb4 13. cxb4 Bxf3 14. gxf3 Ng3 15. hxg3 h5 16. f4 h4 17. gxh4 Be7 18. Na3 Bxh4+ 19. Kd1 Ke7 20. f5 a6 21. f6+ Ke6 22. Bh3+ Kxe5 23. Bf1 Bf2 24. Nh3 d4 25. Nxf2 dxe3+ 26. Nd3+ Ke4 27. Rxh8 Qxh8 28. Nb1 Qxf6 29. Ke2 Rh8 30. Qd1 Rh3 31. Bxh3 Qf3+ 32. Ke1 Qxh3 33. Nc3+ Kd4 34. Nf2+ Kc4 35. Nxh3 e2 36. Qxe2+ Kd4 37. Be3+ Ke5 38. Qg4 Kd6 39. Qf5 Ke7 40. Bc5+ Ke8 41. Ng5 Kd8 42. Qxf7 Kc8 43. Bd6 Kd8 44. Qc7+ Ke8 45. Ne6 a5 46. Qe7# {[%emt 0:00:01]
NeatBouncyCone won by checkmate} 1-0

[Event "Fast Chess"]
[Site "ChessKid.com"]
[Date "2020.04.19"]
[Round "3"]
[White "Hlinka, Patricia"]
[Black "Gross, Lukas"]
[Result "0-1"]
[ECO "A40"]
[WhiteElo "943"]
[BlackElo "1187"]
[PlyCount "34"]
[EventDate "2020.??.??"]
[TimeControl "300"]
[WhiteClock "0:03:25"]
[BlackClock "0:03:13"]

1. d4 g6 2. d5 Bg7 3. Nh3 Nf6 4. Na3 O-O 5. Be3 e6 6. dxe6 fxe6 7. Bc1 Nd5 8. g4 h5 9. gxh5 gxh5 10. Bg2 h4 11. O-O Ne7 12. Be4 d5 13.
Bd3 Qe8 14. Qd2 Qg6+ 15. Kh1 Qg4 16. Qg5 Qxh3 17. Qh5 Qxf1# {[%emt 0:00:03]
RosyPopularArm won by checkmate} 0-1

[Event "Fast Chess"]
[Site "ChessKid.com"]
[Date "2020.03.27"]
[Round "1"]
[White "Dai, Lana"]
[Black "Donchev, Martin"]
[Result "1-0"]
[ECO "C27"]
[WhiteElo "1030"]
[BlackElo "699"]
[PlyCount "29"]
[EventDate "2020.??.??"]
[TimeControl "600"]
[WhiteClock "0:06:09"]
[BlackClock "0:08:16"]

1. e4 e5 2. Nc3 Nf6 3. Bc4 Bc5 4. Nf3 Ng4 5. d4 exd4 6.
Nxd4 Bxd4 7. Qxd4 Nc6 8. Qxg7 Rf8 9. Qxg4 Ne5 10. Qe2 Rg8 11.
g3 b6 12. f4 Ng4 13. Bb3 Bb7 14. Qc4 f5 15. Qf7# {[%emt 0:00:09] TopBrownCave won by checkmate} 1-0

[Event "Fast Chess"]
[Site "ChessKid.com"]
[Date "2020.03.27"]
[Round "2"]
[White "Sasse, Gabriel"]
[Black "Halimi, Dorian"]
[Result "0-1"]
[ECO "B01"]
[WhiteElo "1131"]
[BlackElo "899"]
[PlyCount "36"]
[EventDate "2020.??.??"]
[TimeControl "600"]
[WhiteClock "0:08:13"]
[BlackClock "0:08:36"]

1. e4 d5 2. exd5 Qxd5 3. Nf3 Qd8 4. Nc3 Bg4 5. Be2 Bxf3 6.
Bxf3 c6 7. h3 Nf6 8. O-O e6 9. d3 Be7 10. Bf4 O-O 11. Nb5 a6 12. Nc7 Ra7 13. Be3 Qxc7 14. Bxa7 Qd6 15. Bxb8 Rxb8 16. Be4 Bd8 17. Qf3 Bc7 18. Qe3 Qh2# {[%emt 0:00:02] FullMagentaEclipse won by
checkmate} 0-1

[Event "Fast Chess"]
[Site "ChessKid.com"]
[Date "2020.03.27"]
[Round "3"]
[White "Halimi, Dorian"]
[Black "Dai, Lana"]
[Result "0-1"]
[ECO "D03"]
[WhiteElo "858"]
[BlackElo "1070"]
[PlyCount "34"]
[EventDate "2020.??.??"]
[TimeControl "600"]
[WhiteClock "0:07:16"]
[BlackClock "0:08:23"]

1. d4 d5 2. Nf3 Nf6 3. Bg5 Bf5 4. e3 a6 5. Qe2 Nc6 6. Nc3 e6 7. g3 h6 8. Bxf6 Qxf6 9. Bg2 Be4 10. O-O Bg6 11. a3 Bh5 12. b4 Bd6 13.
h3 e5 14. g4 Bg6 15. dxe5 Nxe5 16. Nxe5 Qxe5 17. Rad1 Qh2# {[%emt 0:00:02]
TopBrownCave won by checkmate} 0-1

[Event "Fast Chess"]
[Site "ChessKid.com"]
[Date "2020.03.27"]
[Round "3"]
[White "Donchev, Martin"]
[Black "Sasse, Gabriel"]
[Result "1-0"]
[ECO "C42"]
[WhiteElo "1022"]
[BlackElo "1114"]
[PlyCount "29"]
[EventDate "2020.??.??"]
[TimeControl "600"]
[WhiteClock "0:07:58"]
[BlackClock "0:05:21"]

1. e4 e5 2. d3 Nf6 3. Nf3 Bc5 4. Nxe5 O-O 5. b3 Bd4 6. c3 Bxe5 7. d4 Nxe4 8. dxe5 Qh4 9. g3 Nxg3 10. fxg3 Qe4+ 11. Kf2 Qxh1 12. Ba3 d6 13. exd6 cxd6 14. Qxd6 Rd8 15. Qxd8# {[%emt 0:00:20] ShyDarkIsland won by checkmate}
1-0

[Event "Fast Chess"]
[Site "ChessKid.com"]
[Date "2020.03.30"]
[Round "1"]
[White "Halimi, Dorian"]
[Black "Li, Tobias"]
[Result "0-1"]
[ECO "B07"]
[WhiteElo "846"]
[BlackElo "1285"]
[PlyCount "64"]
[EventDate "2020.??.??"]
[TimeControl "600"]
[WhiteClock "0:06:18"]
[BlackClock "0:07:29"]

1. e4 e5 2. d4 d6 3. d5 Nf6 4. Nf3 Nxe4 5. Na3 Be7 6. c3 Bg4 7. h3 Bxf3 8. gxf3 Nf6 9. Bg5 Qd7 10. Bxf6 Bxf6 11. Bb5 c6 12. dxc6 Nxc6 13. Bxc6 Qxc6 14. Qe2 O-O 15. O-O-O Rfe8 16. Nc2 e4 17. fxe4 Rxe4 18. Qd2 Re5 19. Nd4 Qb6 20. Rhg1 Bg5 21. Rg2 Bxd2+ 22. Rxd2 Re1+ 23. Kc2 h6 24. Nf5 Kf8 25. Rxg7 Qc5 26. Rh7 Qxf5+ 27. Rd3 Qxh7 28. Kd2 Rd1+ 29. Kc2 Rc1+ 30. Kd2 Rd1+ 31. Kxd1 Qxd3+ 32. Ke1 Re8# {[%emt 0:
00:06] OnlyHungryKiwi won by checkmate} 0-1

[Event "Fast Chess"]
[Site "ChessKid.com"]
[Date "2020.03.30"]
[Round "1"]
[White "Dai, Lana"]
[Black "Barcal, Tobias"]
[Result "1-0"]
[ECO "C25"]
[WhiteElo "1113"]
[BlackElo "782"]
[PlyCount "71"]
[EventDate "2020.??.??"]
[TimeControl "600"]
[WhiteClock "0:05:49"]
[BlackClock "0:07:25"]

1. e4 e5 2. Nc3 Bb4 3. Bc4 Bxc3 4. dxc3 c6 5. Nf3 d5 6. exd5 cxd5 7. Bb5+ Bd7 8. Bxd7+ Qxd7 9. O-O Nf6 10. Nxe5 Qe6 11. Nf3 O-O 12. Ng5 h6 13. Nxe6 fxe6 14. Bf4 g5 15. Bd6 Rd8 16. Be7 Re8 17. Bxf6 Rf8 18. Be7 Rf7 19. Bd6 Rd7 20. Bxb8 Rxb8 21. c4 dxc4 22. Qxd7 Rf8 23. Qxe6+ Rf7 24. Qg6+ Rg7 25. Qe8+ Kh7 26.
Rae1 c3 27. bxc3 Rg8 28. Re7+ Rg7 29. Rxg7+ Kxg7 30. Re1 Kf6 31. Qe6+ Kg7 32. Re5 Kh8 33. Qf6+ Kh7 34. Re7+ Kg8 35. Re8+ Kh7 36. Qf7# {[%emt 0:00:03] TopBrownCave won by checkmate} 1-0

[Event "Fast Chess"]
[Site "ChessKid.com"]
[Date "2020.03.30"]
[Round "2"]
[White "Li, Tobias"]
[Black "Dai, Lana"]
[Result "1-0"]
[ECO "C41"]
[WhiteElo "1310"]
[BlackElo "1105"]
[PlyCount "121"]
[EventDate "2020.??.??"]
[TimeControl "600"]
[WhiteClock "0:05:02"]
[BlackClock "0:06:53"]

1. e4 e5 2. Nf3 Nc6 3. d4 d6 4. dxe5 dxe5 5. Qxd8+ Nxd8 6.
Bc4 Nc6 7. O-O Bg4 8. Be2 Bc5 9. h3 Bh5 10. Nc3 Nf6 11. Bg5 O-O-O 12. Rad1 Rxd1 13. Rxd1 Nd4 14. Nxd4 Bxe2 15. Ncxe2 exd4 16.
Nxd4 Bxd4 17. Rxd4 Rd8 18. Rxd8+ Kxd8 19. Bxf6+ gxf6 20. f4 Ke7 21. Kf2 Ke6 22. Ke3 f5 23. g4 fxg4 24. hxg4 c5 25. c4 a6 26. f5+ Ke5 27. b3 f6 28. Kf3 b5 29. cxb5 axb5 30. a3 c4 31.
bxc4 bxc4 32. Ke3 Kd6 33. a4 Kc5 34. a5 Kb5 35. Kd4 c3 36.
Kxc3 Kxa5 37. Kd4 Kb5 38. e5 fxe5+ 39. Kxe5 Kc6 40. f6 Kd7 41. Kf5 Ke8 42. g5 Kf8 43. g6 hxg6+ 44. Kxg6 Kg8 45. Kf5 Kf7 46. Ke5 Ke8 47. Ke6 Kf8 48. f7 Kg7 49. Ke7 Kg6 50. f8=Q Kg5 51.
Qf7 Kg4 52. Qf6 Kg3 53. Qf5 Kg2 54. Qf4 Kg1 55. Qf3 Kh2 56.
Qg4 Kh1 57. Ke6 Kh2 58. Ke5 Kh1 59. Kf4 Kh2 60. Kf3 Kh1 61.
Qg2# {[%emt 0:00:00] OnlyHungryKiwi won by checkmate} 1-0

[Event "Fast Chess"]
[Site "ChessKid.com"]
[Date "2020.03.30"]
[Round "2"]
[White "Barcal, Tobias"]
[Black "Halimi, Dorian"]
[Result "0-1"]
[ECO "B01"]
[WhiteElo "730"]
[BlackElo "893"]
[PlyCount "40"]
[EventDate "2020.??.??"]
[TimeControl "600"]
[WhiteClock "0:08:34"]
[BlackClock "0:07:37"]

1. e4 d5 2. Qh5 dxe4 3. d3 e3 4. fxe3 Nf6 5. Qd1 e6 6. e4 Nc6 7. Bg5 Nd4 8. Bxf6 Qxf6 9. c3 Nb5 10. c4 Qxb2 11. Qb3 Qxa1 12. Qxb5+ c6 13. Qg5 f6 14. Qe3 Qxb1+ 15. Qc1 Qxc1+ 16. Ke2 e5 17. Kf2 Bc5+ 18. Kg3 Qxf1 19. Kh4 Qf4+ 20. g4 Qxg4# {[%emt 0:00:03]
FullMagentaEclipse won by checkmate} 0-1

[Event "Fast Chess"]
[Site "ChessKid.com"]
[Date "2020.03.30"]
[Round "3"]
[White "Dai, Lana"]
[Black "Halimi, Dorian"]
[Result "1-0"]
[ECO "B11"]
[WhiteElo "1112"]
[BlackElo "869"]
[PlyCount "61"]
[EventDate "2020.??.??"]
[TimeControl "600"]
[WhiteClock "0:06:39"]
[BlackClock "0:04:56"]

1. e4 d5 2. d3 c6 3. Nc3 Nf6 4. Nf3 Bg4 5. Be2 Na6 6. exd5 cxd5 7. d4 e6 8. a3 b6 9. h3 Bxf3 10. Bxf3 Rc8 11. Bg5 Be7 12. Be2 O-O 13. Bxa6 Rc7 14. Bf4 Rd7 15. Bb5 Rb7 16. Bc6 Rc7 17. Bxc7 Qxc7 18. Bb5 Ne4 19. Nxe4 dxe4 20. d5 Rd8 21. Qe2 exd5 22. Rd1 f6 23. Ba4 Kh8 24. Bb3 Qc6 25. c3 a5 26. a4 Bd6 27. O-O Bc7 28.
Qh5 Qd6 29. g3 Re8 30. Qxe8+ Qf8 31. Qxf8# {[%emt 0:00:
02] TopBrownCave won by checkmate} 1-0

[Event "Fast Chess"]
[Site "ChessKid.com"]
[Date "2020.03.31"]
[Round "1"]
[White "Sasse, Gabriel"]
[Black "Donchev, Martin"]
[Result "1-0"]
[ECO "C55"]
[WhiteElo "1219"]
[BlackElo "963"]
[PlyCount "57"]
[EventDate "2020.??.??"]
[TimeControl "900"]
[WhiteClock "0:05:01"]
[BlackClock "0:12:15"]

1. e4 e5 2. Nf3 Nc6 3. Bc4 Bb4 4. Nc3 Nf6 5. h3 d6 6. a3 Bc5 7. O-O O-O 8. Nd5 Nxe4 9. b4 Bb6 10. Nc3 a5 11. bxa5 Rxa5 12. Nxe4 d5 13.
Nfg5 dxe4 14. Nxe4 Ra4 15. Bd3 f5 16. Nc3 e4 17. Nxa4 exd3 18.
Nxb6 cxb6 19. cxd3 Qf6 20. Rb1 Ne5 21. Bb2 f4 22. Re1 Re8 23.
g3 fxg3 24. fxg3 Bxh3 25. Qh5 Qe6 26. Rxe5 Qxe5 27. Bxe5 Be6 28. Qg5 Ba2 29. Qxg7# {[%emt 0:00:03]
LimeFarActor won by checkmate} 1-0

[Event "Fast Chess"]
[Site "ChessKid.com"]
[Date "2020.03.31"]
[Round "1"]
[White "Halimi, Dorian"]
[Black "Rosenkranz, Benjamin"]
[Result "0-1"]
[ECO "C42"]
[WhiteElo "854"]
[BlackElo "1172"]
[PlyCount "110"]
[EventDate "2020.??.??"]
[TimeControl "900"]
[WhiteClock "0:07:37"]
[BlackClock "0:08:51"]

1. e4 e5 2. Nc3 Nf6 3. d3 Nc6 4. Nf3 Bb4 5. Bg5 O-O 6. Qd2 h6 7. Bxf6 Qxf6 8. a3 Bxc3 9. Qxc3 d6 10. g3 Qxf3 11. Rg1 Qf6 12. Be2 Be6 13.
Bd1 Rad8 14. Qd2 Qg5 15. Qxg5 hxg5 16. Be2 g4 17. O-O-O d5 18. Rh1 dxe4 19. dxe4 Rxd1+ 20. Kxd1 Nd4 21. Bd3 Nf3 22. b4 Ng5 23. c4 Rd8 24. Kd2 Bxc4 25. h4 Nf3+ 26. Ke3 Rxd3+ 27. Ke2 Rxa3+ 28. Kd1 Ra1+ 29. Kc2 Rxh1 30. Kc3 Rc1+ 31. Kb2 Rd1 32. Kc3 Ba2 33. Kc2 Rb1 34. h5 Ne1+ 35. Kc3 Rb3+ 36. Kc4 Rxg3+ 37. Kc5 Rc3+ 38. Kb5 Rc6 39. Ka4 Ra6+ 40. Kb5 c6+ 41. Kc5 Nd3+ 42. Kd6 c5+ 43. Kc7 cxb4 44. Kxb7 Ra3 45. Kc8 b3 46. Kd7 b2 47. Kd6 b1=R 48. Ke7 Ra6 49. Kd7 Rab6 50. Kc7 Re6 51. Kd7 Rb7+ 52. Kd8 Ree7 53. Kc8 Kf8 54. h6 gxh6 55. Kd8 Rb8# {[%emt 0:00:03]
FineBeamingStage won by checkmate} 0-1

[Event "Fast Chess"]
[Site "ChessKid.com"]
[Date "2020.03.31"]
[Round "2"]
[White "Dai, Lana"]
[Black "Sasse, Gabriel"]
[Result "1-0"]
[ECO "C50"]
[WhiteElo "1152"]
[BlackElo "1210"]
[PlyCount "109"]
[EventDate "2020.??.??"]
[TimeControl "900"]
[WhiteClock "0:11:17"]
[BlackClock "0:08:46"]

1. e4 e5 2. Nc3 Nc6 3. Bc4 Nf6 4. Nf3 Bc5 5. d3 Ng4 6. d4 Nxd4 7. Nxd4 exd4 8. Qxg4 d6 9. Qf4 O-O 10. Nd5 Bb4+ 11. c3 dxc3 12. bxc3 Bc5 13. Qg3 Be6 14. Bh6 Bxf2+ 15. Kxf2 g6 16. Bxf8 Qxf8 17. Nf6+ Kh8 18. Qh4 Qg7 19. Bxe6 fxe6 20. Ke1 Rf8 21. Rf1 g5 22. Qxh7+ Qxh7 23. Nxh7 Rxf1+ 24. Kxf1 Kxh7 25. Re1 d5 26.
exd5 exd5 27. Re7+ Kg6 28. Rxc7 Kh5 29. Rxb7 Kg4 30. h3+ Kg3 31. Rf7 a5 32. Rf3+ Kh4 33. Rf5 g4 34. hxg4 Kxg4 35. Rxd5 a4 36. Rd8 Kf4 37. Rf8+ Ke4 38. Kf2 Kd3 39. Rc8 Kc2 40. Rb8 Kxc3 41. Ke3 Kc4 42. Ke4 Kc3 43. g4 Kc4 44. g5 Kc5 45. g6 Kc4 46.
Rc8+ Kb4 47. Rb8+ Ka3 48. g7 Kxa2 49. g8=Q+ Ka1 50. Qg1+ Ka2 51. Qf2+ Ka3 52. Qe3+ Ka2 53. Qd2+ Ka3 54. Qc3+ Ka2 55. Qb2# {[%emt 0:00:01] TopBrownCave won
by checkmate} 1-0

[Event "Fast Chess"]
[Site "ChessKid.com"]
[Date "2020.03.31"]
[Round "2"]
[White "Rosenkranz, Benjamin"]
[Black "Hessenberger, Oliver"]
[Result "0-1"]
[ECO "C55"]
[WhiteElo "1159"]
[BlackElo "1005"]
[PlyCount "56"]
[EventDate "2020.??.??"]
[TimeControl "900"]
[WhiteClock "0:11:29"]
[BlackClock "0:11:20"]

1. e4 e5 2. Nf3 Nc6 3. Bc4 Nf6 4. Nc3 Bb4 5. Qe2 Bxc3 6.
dxc3 d6 7. Be3 Bg4 8. O-O-O Bxf3 9. Qxf3 Qe7 10. Qg3 O-O-O 11. Qxg7 Rhg8 12. Qh6 Rg6 13. Qh3+ Rd7 14. Bb5 Nxe4 15. Rhe1 Nxf2 16. Qxh7 Rxg2 17. Rd2 a6 18. Bxc6 bxc6 19. Qh8+ Rd8 20. Qh3+ Rd7 21. Qxg2 Ne4 22. Qxe4 d5 23. Qd4 exd4 24. cxd4 Qh4 25. Ree2 c5 26. dxc5 Qc4 27. h3 Qxa2 28. c6 Qa1# {[%emt 0:00:07] VastMellowGhost won by
checkmate} 0-1

[Event "Fast Chess"]
[Site "ChessKid.com"]
[Date "2020.03.31"]
[Round "2"]
[White "Donchev, Martin"]
[Black "Halimi, Dorian"]
[Result "0-1"]
[ECO "A40"]
[WhiteElo "853"]
[BlackElo "905"]
[PlyCount "42"]
[EventDate "2020.??.??"]
[TimeControl "900"]
[WhiteClock "0:13:15"]
[BlackClock "0:11:19"]

1. d4 e5 2. dxe5 Nc6 3. Nc3 Nxe5 4. Bf4 f6 5. Nd5 Bb4+ 6. c3 Bc5 7. e4 g5 8. Be3 c6 9. Nb4 Bxe3 10. fxe3 d6 11. Be2 c5 12. Nd5 b6 13.
Bb5+ Bd7 14. Bc4 Nxc4 15. b3 Nb2 16. Qc2 Bc6 17. Qxb2 Bxd5 18. c4 Bxe4 19. Qd2 Qe7 20. O-O-O Qe5 21. Ne2 Qa1# {[%emt 0:00:03] FullMagentaEclipse won by checkmate} 0-1